[Event "German Bundesliga 2024-25"]
[Site "Germany"]
[Date "2024.09.29"]
[Round "2.1"]
[White "Beerdsen, Thomas"]
[Black "Warmerdam, Max"]
[Result "1/2-1/2"]
[ECO "B93"]
[WhiteElo "2509"]
[BlackElo "2679"]
[Annotator "RC"]
[PlyCount "74"]
[EventDate "2024.09.27"]
[EventType "team-tourn"]
[EventCountry "GER"]
[SourceTitle "playchess.com"]
[Source "ChessBase"]
[SourceQuality "1"]
[WhiteTeam "SV Muelheim Nord"]
[BlackTeam "SG Solingen"]
[TimeControl "40/5400+30:1800+30"]

1. e4 c5 2. Nf3 d6 3. d4 cxd4 4. Nxd4 Nf6 5. Nc3 a6 6. f4 e5 7. Nf5 Nc6 8. Bc4 Be6 9. Bb3 g6 10. fxe5 Nxe5 11. Nd4 Bxb3 12. axb3 Bg7 13. Bg5 h6 14. Bh4 O-O 15. O-O Ned7 16. Qf3 Qc7 17. Kh1 Rae8 18. Rad1 b5 19. Bg3 b4 20. Nd5 Qc5 21. Nxf6+ Nxf6 22. Rfe1 d5 23. exd5 Nxd5 24. Rxe8 Rxe8 25. Bf2 Nf6 26. Bg1 Qc8 27. Nc6 Qb7 28. Rd4 Re1 29. Rxb4 Qd7 30. Nd4 Rb1 31. Ra4 Qe7 32. Rxa6 Rxg1+ 33. Kxg1 Qe1+ 34. Qf1 Qe3+ 35. Qf2 Qc1+ 36. Qf1 Qe3+ 37. Qf2 Qc1+ 1/2-1/2

[Event "German Bundesliga 2024-25"]
[Site "Germany"]
[Date "2024.09.29"]
[Round "2.2"]
[White "Harikrishna, Pentala"]
[Black "Buckels, Valentin"]
[Result "1-0"]
[ECO "A13"]
[WhiteElo "2686"]
[BlackElo "2448"]
[Annotator "TA"]
[PlyCount "67"]
[EventDate "2024.09.27"]
[EventType "team-tourn"]
[EventCountry "GER"]
[SourceTitle "playchess.com"]
[Source "ChessBase"]
[SourceQuality "1"]
[WhiteTeam "SG Solingen"]
[BlackTeam "SV Muelheim Nord"]
[TimeControl "40/5400+30:1800+30"]

1. c4 e6 2. Nf3 d5 3. g3 d4 4. Bg2 c5 5. e3 Ne7 6. exd4 Nf5 (6... cxd4 $11 {keeps the balance.} 7. b4 Nf5) 7. dxc5 $16 Nc6 {[%emt 0:09:28][%cal Od8d3] Against d4} 8. O-O {[%emt 0:10:22][%cal Od2d4] d4! would now be deadly. White is better.} Bxc5 9. b3 e5 10. Ba3 Bxa3 11. Nxa3 O-O 12. d3 Qa5 13. Nc2 Rd8 14. Qe1 Qxe1 15. Rfxe1 f6 16. Rad1 g5 17. Ne3 Nb4 (17... Kf7 $142) 18. d4 Nxe3 (18... Nxd4 $16 19. Nxd4 Rxd4) 19. fxe3 $18 ({Don't play} 19. Rxe3 $6 g4 20. Ne1 Rxd4 21. Rxd4 exd4 $16) 19... e4 20. Nd2 Nc2 {[%emt 0:01:53] [#]} 21. Nxe4 $1 Nxe1 22. Rxe1 Kg7 23. Rf1 Rf8 24. Nd6 Rb8 25. c5 Rd8 26. Rc1 Kf8 27. Be4 h5 28. b4 Ke7 29. Nxc8+ Rdxc8 {[%emt 0:00:04] [#]} 30. Bf5 Re8 31. d5 Kd8 (31... a6 $142 32. e4 g4 33. d6+ Kf8) 32. e4 {[%emt 0:00:11] White is clearly winning.} a6 33. d6 Re5 34. a4 {[%emt 0:01:03] Weighted Error Value: White=0.06 (flawless) /Black=0.30.  Mistake:       	---       	Black=4      Inaccurate:     	White=1     	Black=2      OK:         	White=12    	Black=11     Best:        	White=2     	Black=1      Strong:       	White=1     	---} 1-0

[Event "German Bundesliga 2024-25"]
[Site "Germany"]
[Date "2024.09.29"]
[Round "2.3"]
[White "Hausrath, Daniel"]
[Black "L'Ami, Erwin"]
[Result "0-1"]
[ECO "A46"]
[WhiteElo "2470"]
[BlackElo "2628"]
[Annotator "RC"]
[PlyCount "74"]
[EventDate "2024.09.27"]
[EventType "team-tourn"]
[EventCountry "GER"]
[SourceTitle "playchess.com"]
[Source "ChessBase"]
[SourceQuality "1"]
[WhiteTeam "SV Muelheim Nord"]
[BlackTeam "SG Solingen"]
[TimeControl "40/5400+30:1800+30"]

1. Nf3 Nf6 2. g3 e6 3. Bg2 d5 4. d4 b5 5. O-O Be7 6. Bg5 Nbd7 7. Ne5 Bb7 8. Qd3 a6 9. Nd2 Nxe5 10. dxe5 Nd7 11. Bxe7 Qxe7 12. f4 O-O 13. c3 Nc5 14. Qc2 Rad8 15. Rad1 Rd7 16. e3 Rfd8 17. b4 Na4 18. Nf3 c5 19. g4 d4 20. exd4 Bxf3 21. Bxf3 cxd4 22. Rxd4 Rxd4 23. cxd4 Qxb4 24. Rd1 Nb2 25. Rb1 Qxd4+ 26. Qf2 Nc4 27. Qxd4 Rxd4 28. Rd1 Rxd1+ 29. Bxd1 Ne3 30. Bf3 Nd5 31. f5 Nb4 32. Bb7 a5 33. fxe6 fxe6 34. Bc8 Kf7 35. Bd7 Nxa2 36. Bxb5 Nc3 37. Bc4 a4 0-1

[Event "German Bundesliga 2024-25"]
[Site "Germany"]
[Date "2024.09.29"]
[Round "2.4"]
[White "Ragger, Markus"]
[Black "Dinstuhl, Volkmar"]
[Result "1-0"]
[ECO "C88"]
[WhiteElo "2601"]
[BlackElo "2384"]
[Annotator "RC"]
[PlyCount "87"]
[EventDate "2024.09.27"]
[EventType "team-tourn"]
[EventCountry "GER"]
[SourceTitle "playchess.com"]
[Source "ChessBase"]
[SourceQuality "1"]
[WhiteTeam "SG Solingen"]
[BlackTeam "SV Muelheim Nord"]
[TimeControl "40/5400+30:1800+30"]

1. e4 e5 2. Nf3 Nc6 3. Bb5 a6 4. Ba4 Nf6 5. O-O Be7 6. Re1 b5 7. Bb3 d6 8. a4 Rb8 9. axb5 axb5 10. c3 O-O 11. h3 Bb7 12. d3 Re8 13. Nbd2 Bf8 14. Nf1 h6 15. Nh4 d5 16. Qf3 Ra8 17. Rxa8 Bxa8 18. Nf5 Na5 19. Ba2 c5 20. exd5 Kh8 21. c4 e4 22. dxe4 Nxc4 23. Bxc4 bxc4 24. N1g3 Bxd5 25. Rd1 Nxe4 26. Nxe4 Qa8 27. Ne3 Bxe4 28. Qxf7 Bd3 29. Bd2 Re7 30. Qf4 Re4 31. Qc7 Qa4 32. Re1 Qe8 33. Bc3 Kg8 34. Ra1 Qf7 35. Qg3 Re8 36. Ra6 Kh7 37. Rc6 Re6 38. Rc7 Re7 39. Rxc5 Ra7 40. Rc6 Ra1+ 41. Kh2 Ra7 42. Ng4 Be4 43. Rb6 Be7 44. Qe3 1-0

[Event "German Bundesliga 2024-25"]
[Site "Germany"]
[Date "2024.09.29"]
[Round "2.5"]
[White "Gungl, Theo"]
[Black "Andersen, Mads"]
[Result "0-1"]
[ECO "D37"]
[WhiteElo "2338"]
[BlackElo "2598"]
[Annotator "RC"]
[PlyCount "100"]
[EventDate "2024.09.27"]
[EventType "team-tourn"]
[EventCountry "GER"]
[SourceTitle "playchess.com"]
[Source "ChessBase"]
[SourceQuality "1"]
[WhiteTeam "SV Muelheim Nord"]
[BlackTeam "SG Solingen"]
[TimeControl "40/5400+30:1800+30"]

1. d4 Nf6 2. c4 e6 3. Nc3 d5 4. Nf3 h6 5. Bf4 Bd6 6. Bxd6 Qxd6 7. e3 O-O 8. Be2 b6 9. cxd5 exd5 10. O-O Bb7 11. Rc1 a6 12. Ne5 Nc6 13. f4 Ne7 14. g4 c5 15. h4 c4 16. g5 Ne8 17. Kf2 b5 18. Bf3 Rd8 19. Rh1 Bc8 20. Qd2 Bf5 21. Rcg1 Kh7 22. h5 Qe6 23. Ne2 Nd6 24. Ng3 hxg5 25. fxg5 f6 26. gxf6 Rxf6 27. Ke1 Nf7 28. Nxf7 Rxf7 29. Bd1 Kh8 30. Rh2 Rdf8 31. Rf2 Bd3 32. Rxf7 Rxf7 33. Be2 Bb1 34. a3 Qh3 35. Bf1 Qh4 36. Qg2 Be4 37. Qh3 Qg5 38. Ne2 Qh6 39. Kd2 Rf3 40. Qd7 Qxe3+ 41. Ke1 Qf2+ 42. Kd2 Rd3+ 43. Kc2 Rxa3+ 44. Kd1 Rd3+ 45. Kc2 Rc3+ 46. Kd1 Rc1+ 47. Kd2 c3+ 48. bxc3 Qe1+ 49. Ke3 Rxc3+ 50. Kf4 Qh4+ 0-1

[Event "German Bundesliga 2024-25"]
[Site "Germany"]
[Date "2024.09.29"]
[Round "2.6"]
[White "Van Wely, Loek"]
[Black "Albers, Sasa"]
[Result "1/2-1/2"]
[ECO "D38"]
[WhiteElo "2618"]
[BlackElo "2264"]
[Annotator "RC"]
[PlyCount "162"]
[EventDate "2024.09.27"]
[EventType "team-tourn"]
[EventCountry "GER"]
[SourceTitle "playchess.com"]
[Source "ChessBase"]
[SourceQuality "1"]
[WhiteTeam "SG Solingen"]
[BlackTeam "SV Muelheim Nord"]
[TimeControl "40/5400+30:1800+30"]

1. c4 e6 2. Nc3 Nf6 3. Nf3 d5 4. d4 Bb4 5. Qa4+ Nc6 6. e3 O-O 7. Bd2 Re8 8. Rd1 h6 9. h3 Bf8 10. a3 a6 11. Qc2 dxc4 12. Bxc4 e5 13. d5 Nb8 14. e4 Nbd7 15. g4 Bd6 16. g5 hxg5 17. Bxg5 Nf8 18. Ne2 N8h7 19. Bh4 Bd7 20. Ng3 Qc8 21. Qd2 b5 22. Bb3 a5 23. Rg1 a4 24. Bc2 Ra6 25. Ng5 Bf8 26. Nxh7 Nxh7 27. Nf5 Rg6 28. Ke2 Qa6 29. Qe3 Nf6 30. Qf3 b4+ 31. Bd3 Bb5 32. Bxf6 Rxf6 33. h4 bxa3 34. bxa3 Rb8 35. Rg3 Rfb6 36. h5 Bxd3+ 37. Qxd3 Rb2+ 38. Kf1 Qf6 39. Qe3 R8b3 40. Rd3 Qa6 41. d6 Rxd3 42. Qxd3 Qxd3+ 43. Rxd3 Bxd6 44. Rg3 Bf8 45. Nh6+ Kh7 46. Nxf7 Rb3 47. Rg6 Rxa3 48. Ng5+ Kg8 49. Ra6 Rb3 50. Rxa4 Rb6 51. Ra8 Rh6 52. Rc8 c5 53. Ke2 Rf6 54. f3 Rd6 55. Kf2 Rf6 56. Kg3 Rh6 57. f4 exf4+ 58. Kxf4 c4 59. e5 c3 60. e6 c2 61. Rxc2 Bd6+ 62. Kg4 Kf8 63. Rf2+ Ke8 64. Re2 Ke7 65. Rb2 g6 66. Rb7+ Kf6 67. Rf7+ Ke5 68. hxg6 Rxg6 69. Rf5+ Kd4 70. Kh5 Rg8 71. Nf7 Be7 72. Ra5 Rg1 73. Nh6 Bb4 74. Rb5 Bc5 75. Nf5+ Kc4 76. Rb7 Re1 77. e7 Kd5 78. Kg6 Kc6 79. Rb8 Bxe7 80. Re8 Rg1+ 81. Kf7 Bc5 1/2-1/2

[Event "German Bundesliga 2024-25"]
[Site "Germany"]
[Date "2024.09.29"]
[Round "2.7"]
[White "Stillger, Bernhard"]
[Black "Krastev, Alexander"]
[Result "0-1"]
[ECO "A40"]
[WhiteElo "2179"]
[BlackElo "2423"]
[Annotator "ChessBase"]
[PlyCount "104"]
[EventDate "2024.09.27"]
[EventType "team-tourn"]
[EventCountry "GER"]
[SourceTitle "playchess.com"]
[Source "ChessBase"]
[SourceQuality "1"]
[WhiteTeam "SV Muelheim Nord"]
[BlackTeam "SG Solingen"]
[TimeControl "40/5400+30:1800+30"]

1. d4 e6 2. c4 b6 3. e4 Bb7 4. Bd3 Nc6 5. Ne2 Nb4 6. O-O Ne7 7. Nbc3 Nxd3 8. Qxd3 Nc6 9. Be3 Be7 10. f4 O-O 11. a3 a5 12. Rad1 a4 13. d5 Na5 14. Nxa4 Nxc4 15. Qxc4 Ba6 16. Qc2 Bxe2 17. Qxe2 Rxa4 18. Qc2 Ra5 19. dxe6 fxe6 20. Qd3 d5 21. f5 exf5 22. exd5 Qd7 23. Bf4 Rd8 24. Qe2 Kf8 25. Rc1 Rc5 26. Bg3 Rxc1 27. Rxc1 Qxd5 28. h3 Bd6 29. Bxd6+ Qxd6 30. Qh5 Qd4+ 31. Kh1 Qf4 32. Re1 h6 33. Qe2 Kg8 34. Rf1 Qe4 35. Qf2 Rf8 36. Re1 Qd5 37. Qf4 Qd7 38. h4 Re8 39. Rxe8+ Qxe8 40. Qxc7 Qe1+ 41. Kh2 Qxh4+ 42. Kg1 Qd4+ 43. Kh1 Qxb2 44. Qc8+ Kf7 45. Qxf5+ Ke7 46. Qd5 Kf6 47. Qd6+ Kf5 48. Qd5+ Kf4 49. Qf3+ Ke5 50. Qd3 Qd4 51. Qb5+ Kd6 52. Qe8 Qa1+ 0-1

[Event "German Bundesliga 2024-25"]
[Site "Germany"]
[Date "2024.09.29"]
[Round "2.8"]
[White "Naumann, Alexander"]
[Black "Dordevic, Tom"]
[Result "1-0"]
[ECO "A14"]
[WhiteElo "2487"]
[BlackElo "2117"]
[Annotator "RC"]
[PlyCount "75"]
[EventDate "2024.09.27"]
[EventType "team-tourn"]
[EventCountry "GER"]
[SourceTitle "playchess.com"]
[Source "ChessBase"]
[SourceQuality "1"]
[WhiteTeam "SG Solingen"]
[BlackTeam "SV Muelheim Nord"]
[TimeControl "40/5400+30:1800+30"]

1. c4 e6 2. g3 Nf6 3. Bg2 d5 4. Nf3 Be7 5. O-O O-O 6. b3 c5 7. Bb2 d4 8. e3 Nc6 9. exd4 cxd4 10. Re1 Re8 11. d3 Bc5 12. Ba3 Bxa3 13. Nxa3 e5 14. Nc2 a5 15. a3 Bg4 16. h3 Bh5 17. Qd2 Qb6 18. Rab1 Rad8 19. Ng5 Bg6 20. b4 h6 21. c5 Qb5 22. Ne4 Bxe4 23. dxe4 a4 24. Rbd1 d3 25. Ne3 Nd4 26. Nd5 Nxd5 27. exd5 Nc2 28. Be4 Nxe1 29. Rxe1 Qc4 30. d6 b6 31. Qxd3 Qd4 32. Qxd4 exd4 33. Kf1 Kf8 34. Bb7 d3 35. Rd1 Rb8 36. c6 Rxb7 37. cxb7 Rb8 38. Rc1 1-0

[Event "German Bundesliga 2024-25"]
[Site "Germany"]
[Date "2024.09.29"]
[Round "2.9"]
[White "Gurel, Ediz"]
[Black "Erigaisi Arjun"]
[Result "1-0"]
[ECO "C64"]
[WhiteElo "2602"]
[BlackElo "2778"]
[Annotator "RC"]
[PlyCount "149"]
[EventDate "2024.09.27"]
[EventType "team-tourn"]
[EventCountry "GER"]
[SourceTitle "playchess.com"]
[Source "ChessBase"]
[SourceQuality "1"]
[WhiteTeam "SK Kirchweyhe"]
[BlackTeam "Duesseldorfer SK"]
[TimeControl "40/5400+30:1800+30"]

1. e4 e5 2. Nf3 Nc6 3. Bb5 Bc5 4. c3 Nf6 5. d4 exd4 6. e5 Nd5 7. O-O Be7 8. cxd4 d6 9. Nc3 Be6 10. Ne4 a6 11. Bxc6+ bxc6 12. Bg5 O-O 13. Rc1 h6 14. Bxe7 Nxe7 15. Re1 a5 16. b3 Qd7 17. h3 Nd5 18. Nfd2 f5 19. exf6 gxf6 20. Qf3 f5 21. Ng3 Rf6 22. Nh5 Rg6 23. Nf4 Nxf4 24. Qxf4 Bd5 25. Nf3 Rf8 26. Nh4 Re6 27. Rxe6 Qxe6 28. Nf3 Qf6 29. Re1 Rf7 30. Re3 Kf8 31. Kh2 Re7 32. Rxe7 Kxe7 33. Nh4 Be4 34. Nf3 Kd7 35. Qe3 Bd5 36. Ne1 f4 37. Qd2 h5 38. f3 h4 39. Kg1 Bf7 40. Kh2 Bd5 41. Kg1 Kc8 42. Nc2 Kb7 43. Kh1 Ka6 44. Na3 Qf5 45. Kh2 Be6 46. Qf2 Qf6 47. Qd2 Bf7 48. Nb1 c5 49. Qe2+ c4 50. Na3 Qe6 51. Qc2 d5 52. bxc4 dxc4 53. Qa4 c6 54. Nb1 Qg6 55. Nc3 Bd5 56. Nxd5 cxd5 57. Qd7 Kb6 58. Qxd5 Qc6 59. Qd8+ Qc7 60. Qf6+ Kb5 61. Qf5+ Kb4 62. Qf8+ Kb5 63. d5 Qd7 64. a4+ Kxa4 65. Qc5 Kb3 66. d6 Qg7 67. Qb5+ Kc3 68. Qxa5+ Kb3 69. Qb5+ Kc3 70. Kh1 Qd4 71. d7 Kd3 72. Qc6 Kd2 73. Qc7 Ke1 74. d8=Q Qa1 75. Qa5+ 1-0

[Event "German Bundesliga 2024-25"]
[Site "Germany"]
[Date "2024.09.29"]
[Round "2.10"]
[White "Giri, Anish"]
[Black "Predojevic, Borki"]
[Result "1-0"]
[ECO "B42"]
[WhiteElo "2724"]
[BlackElo "2567"]
[Annotator "TA"]
[PlyCount "75"]
[EventDate "2024.09.27"]
[EventType "team-tourn"]
[EventCountry "GER"]
[SourceTitle "playchess.com"]
[Source "ChessBase"]
[SourceQuality "1"]
[WhiteTeam "Duesseldorfer SK"]
[BlackTeam "SK Kirchweyhe"]
[TimeControl "40/5400+30:1800+30"]

1. d4 e6 2. Nf3 c5 3. e4 cxd4 4. Nxd4 a6 5. Bd3 Nf6 6. O-O d6 7. c4 b6 8. Nc3 Bb7 9. f4 g6 10. f5 gxf5 11. exf5 Rg8 {[%emt 0:00:05] White is better.} 12. Nf3 (12. fxe6 $2 Rxg2+ 13. Kh1 Rd2+ $19 (13... Rxb2+ $2 14. Nd5 $18) (13... Rxb2+ $2 14. Nd5 $18)) 12... e5 13. Bg5 {[%emt 0:00:30][%cal Od3e4] Black must now prevent Be4!} Nbd7 {[%emt 0:02:26] [#] And now ...Bxf3 would win.} 14. Be4 $36 {[%emt 0:00:24][%mdl 2048] White has the initiative.} Qc8 (14... b5 15. Bxb7) 15. Bxb7 Qxb7 16. Qe2 {[%emt 0:00:05] Dodges Ne4} Be7 (16... O-O-O $142) 17. a4 {[%emt 0:09:48] White has more active pieces.} O-O-O 18. b4 e4 19. Bxf6 Nxf6 {[%emt 0:09:49] [#]} 20. Nd4 d5 21. Rab1 {[%emt 0:19:51] Hoping for Nxd5.} dxc4 (21... Kb8 $16 {was called for.}) 22. Qxc4+ $18 Qc7 $2 (22... Kb8) 23. Qxa6+ (23. Nc6 Kb7 24. Nxd8+ Rxd8 25. Qxc7+ (25. Qxf7 $2 Bc5+ 26. bxc5 Qxf7 $19) 25... Kxc7 $18) 23... Kb8 {[%emt 0:00:05] [#]} (23... Qb7 $142 24. Qc4+ Kb8 25. Nc6+ Ka8 26. Nxd8 Rxd8) 24. Ncb5 $1 {[%emt 0:00:42][%cal Of1c1] A dynamic duo of knights.} Qb7 {[%emt 0:00:05] [#]} 25. Nc6+ $1 Qxc6 26. Qa7+ Kc8 27. Qxe7 {[%emt 0:04:50][%cal Ob1c1] Intending Rbc1! and mate.} Qc2 28. g3 {[%emt 0:00:21] White wants to mate with Rbc1.} (28. Qxf6 $2 Qxg2#) 28... Nd5 29. Nd6+ (29. Qa7 $142 Nf4 30. Rbc1 Rxg3+ 31. Kh1 Rg2 32. Rxc2+ Rxc2 33. Qa8+ (33. Rxf4 $2 {gets mated.} Rd1+) 33... Kd7 34. Qxe4 (34. Qb7+ Ke8 $18)) 29... Rxd6 30. Qxd6 {[%emt 0:00:02] White threatens Rfc1 and mate.} Nc3 31. Qc6+ Kb8 32. Qxb6+ Ka8 33. Qc6+ Kb8 34. Rbc1 Ne2+ 35. Kf2 Qd2 36. Qb6+ Ka8 37. Qa5+ Kb8 38. Qe5+ {[%emt 0:00:05] Weighted Error Value: White=0.33/Black=0.73.  Mistake:       	---       	Black=4      Inaccurate:     	---       	Black=3      OK:         	White=6     	Black=3      Best:        	White=2     	Black=3      Strong:       	White=1     	---        Brilliant:      	White=1     	---} 1-0

[Event "German Bundesliga 2024-25"]
[Site "Germany"]
[Date "2024.09.29"]
[Round "2.11"]
[White "Kadric, Denis"]
[Black "Sindarov, Javokhir"]
[Result "0-1"]
[ECO "B95"]
[WhiteElo "2553"]
[BlackElo "2677"]
[Annotator "RC"]
[PlyCount "92"]
[EventDate "2024.09.27"]
[EventType "team-tourn"]
[EventCountry "GER"]
[SourceTitle "playchess.com"]
[Source "ChessBase"]
[SourceQuality "1"]
[WhiteTeam "SK Kirchweyhe"]
[BlackTeam "Duesseldorfer SK"]
[TimeControl "40/5400+30:1800+30"]

1. e4 c5 2. Nf3 d6 3. d4 cxd4 4. Nxd4 Nf6 5. Nc3 a6 6. Bg5 e6 7. Qf3 Be7 8. Be2 Nbd7 9. a4 Qc7 10. O-O b6 11. Rad1 Bb7 12. Qg3 O-O 13. f4 Kh8 14. Bf3 Ng8 15. Rd2 Rad8 16. Rfd1 Nc5 17. b4 Nd7 18. Nde2 Ndf6 19. f5 e5 20. Be3 Rc8 21. Qf2 Qc4 22. Bxb6 Bxe4 23. Bxe4 Nxe4 24. Nxe4 Qxe4 25. c3 Qc6 26. a5 Nf6 27. Qe3 Qb5 28. Qf3 Rc4 29. Qb7 Re8 30. h3 Kg8 31. Qa7 Bf8 32. Bf2 Rc6 33. Qe3 d5 34. Qd3 Rc4 35. Be1 d4 36. cxd4 e4 37. Qg3 Bxb4 38. Ra2 Bf8 39. Qf2 Qb3 40. Rda1 Rec8 41. Qg3 Qd3 42. Rd2 Qxg3 43. Bxg3 Nd5 44. Be1 Rb8 45. Rc1 Rxc1 46. Nxc1 g6 0-1

[Event "German Bundesliga 2024-25"]
[Site "Germany"]
[Date "2024.09.29"]
[Round "2.12"]
[White "Van Foreest, Jorden"]
[Black "Stevic, Hrvoje"]
[Result "1/2-1/2"]
[ECO "C55"]
[WhiteElo "2696"]
[BlackElo "2531"]
[Annotator "TA"]
[PlyCount "71"]
[EventDate "2024.09.27"]
[EventType "team-tourn"]
[EventCountry "GER"]
[SourceTitle "playchess.com"]
[Source "ChessBase"]
[SourceQuality "1"]
[WhiteTeam "Duesseldorfer SK"]
[BlackTeam "SK Kirchweyhe"]
[TimeControl "40/5400+30:1800+30"]

1. e4 e5 2. Nf3 Nc6 3. Bc4 Nf6 4. d3 Be7 5. Nc3 O-O 6. a3 d6 7. Be3 Be6 8. Ng5 Bxc4 9. dxc4 Qd7 10. h3 (10. O-O {is more complex.} Ng4 11. Bc1 Nd4 12. f3) 10... Nd8 11. g4 Ne6 12. Nf3 Qc6 13. Nd2 Rae8 14. Rg1 a6 15. a4 Nd7 16. Nd5 a5 {[%emt 0:02:19] Prevents Nb4} 17. g5 Qa6 18. b3 Bd8 $1 19. h4 (19. Nc3 $15) 19... c6 $17 20. Nc3 Bb6 $1 21. Nf3 {[%emt 0:01:53] [#] Wards off Bd4} Qa7 (21... Bc5 $1 $17 {[%cal Rc5b4] White must now prevent ...Bb4.} 22. Bxc5 Ndxc5) 22. Bxb6 $11 (22. Qxd6 $2 {loses.} Bxe3 23. Nd1 Bxf2+ (23... Bd4 $2 24. Nxd4 Nxd4 25. Qxd7 $19) 24. Nxf2 Qe3+ 25. Kf1 Qxf3 $19) 22... Qxb6 23. Qd3 (23. Qxd6 $11 {and White stays safe.} Rd8 24. Rd1 (24. Nxe5 $2 {is the wrong capture.} Nf6 $19)) 23... Ndc5 24. Qe3 f5 {[%emt 0:00:47] Strongly threatening ...fxe4.} 25. O-O-O fxe4 $2 ({Better is} 25... Qb4 $19 {Threatens to win with ...fxe4.} 26. exf5 Rxf5) 26. Nxe4 {[%emt 0:03:57] [#]} Nxb3+ $1 27. cxb3 Qxe3+ 28. fxe3 Rxf3 29. Nxd6 Rb8 {[%emt 0:03:00][%cal Oe6c5] next ...Nc5! is good for Black.} 30. Rgf1 Rxe3 {[%emt 0:06:25][%cal Oe6c5] aiming for ...Nc5!} 31. Nf5 {[%emt 0:05:57] [#]} (31. Rde1 $11 {keeps the balance.} Rxe1+ (31... Rxb3 32. Rxe5 Nf8 33. Re7 $11) 32. Rxe1) 31... Rxb3 (31... Re4 $1 $17 {...Rf4 would now be deadly.} 32. Nd6 Rxh4) 32. Rd7 $1 {[%emt 0:00:05] The position is equal.} Rc3+ 33. Kb2 Rxc4 34. Rxg7+ $1 Nxg7 35. Nh6+ Kh8 36. Nf7+ {[%emt 0:00:06] Weighted Error Value: White=0.26 (precise) /Black=0.23 (precise) .  Loses game:     	White=1     	---        Missed win:     	---       	Black=1      Mistake:       	White=2     	Black=2      Inaccurate:     	White=4     	Black=3      OK:         	White=6     	Black=8      Best:        	White=2     	Black=2      Strong:       	White=2     	Black=2} 1/2-1/2

[Event "German Bundesliga 2024-25"]
[Site "Germany"]
[Date "2024.09.29"]
[Round "2.13"]
[White "Jovanovic, Zoran"]
[Black "Esipenko, Andrey"]
[Result "0-1"]
[ECO "C48"]
[WhiteElo "2525"]
[BlackElo "2677"]
[Annotator "RC"]
[PlyCount "174"]
[EventDate "2024.09.27"]
[EventType "team-tourn"]
[EventCountry "GER"]
[SourceTitle "playchess.com"]
[Source "ChessBase"]
[SourceQuality "1"]
[WhiteTeam "SK Kirchweyhe"]
[BlackTeam "Duesseldorfer SK"]
[TimeControl "40/5400+30:1800+30"]

1. e4 e5 2. Nf3 Nc6 3. Nc3 Nf6 4. Bb5 Bd6 5. d3 O-O 6. Bg5 h6 7. Bh4 Nd4 8. Nxd4 exd4 9. Nd5 g5 10. Nxf6+ Qxf6 11. Bg3 Bxg3 12. hxg3 c6 13. Bc4 d5 14. Bb3 a5 15. a4 Kg7 16. exd5 Re8+ 17. Kf1 cxd5 18. Qf3 Qxf3 19. gxf3 Be6 20. f4 f6 21. fxg5 fxg5 22. Kg2 Bf7 23. g4 Re7 24. Rae1 Rae8 25. Rxe7 Rxe7 26. Kf3 Be8 27. Kg3 Bc6 28. Rc1 Re6 29. Rh1 Re5 30. Kf3 Kg6 31. Kg3 Re6 32. Kg2 Re5 33. Kg3 Be8 34. Rc1 Kf6 35. Rh1 Kg7 36. Rc1 Bf7 37. Kf3 Re7 38. Ra1 Bg8 39. Rc1 Be6 40. Kg3 Bf7 41. Kf3 Re8 42. Ra1 Kf6 43. Rh1 Rh8 44. Kg3 Ke5 45. Re1+ Kd6 46. Rh1 Be6 47. Rh2 Bc8 48. Rh1 Bd7 49. Rh5 b5 50. axb5 Bxb5 51. f4 Be8 52. Rh1 gxf4+ 53. Kxf4 a4 54. Ba2 Kc5 55. Ke5 Rg8 56. Rxh6 Rxg4 57. Rh8 Bd7 58. Rd8 Rg5+ 59. Kf6 Rf5+ 60. Kg6 Be6 61. Re8 Kd6 62. Ra8 Rf2 63. Rxa4 Ke5 64. Bb3 Rg2+ 65. Kh5 Bg4+ 66. Kh4 Bd1 67. Ra8 Bxc2 68. Re8+ Kf4 69. Rf8+ Ke5 70. Re8+ Kd6 71. Bxc2 Rxc2 72. Rb8 Rd2 73. Rb3 Rg2 74. Rb8 Ke5 75. Kh3 Rd2 76. Kg4 Rxd3 77. Re8+ Kd6 78. Kf4 Rb3 79. Rd8+ Ke6 80. Re8+ Kd7 81. Rh8 Re3 82. b4 Kc6 83. Rb8 Re7 84. b5+ Kc5 85. b6 d3 86. Rc8+ Kd4 87. Rc7 Re1 0-1

[Event "German Bundesliga 2024-25"]
[Site "Germany"]
[Date "2024.09.29"]
[Round "2.14"]
[White "Sadhwani, Raunak"]
[Black "Van den Doel, Erik"]
[Result "1-0"]
[ECO "C54"]
[WhiteElo "2659"]
[BlackElo "2561"]
[Annotator "RC"]
[PlyCount "67"]
[EventDate "2024.09.27"]
[EventType "team-tourn"]
[EventCountry "GER"]
[SourceTitle "playchess.com"]
[Source "ChessBase"]
[SourceQuality "1"]
[WhiteTeam "Duesseldorfer SK"]
[BlackTeam "SK Kirchweyhe"]
[TimeControl "40/5400+30:1800+30"]

1. e4 e5 2. Nf3 Nc6 3. Bc4 Bc5 4. O-O Nf6 5. d3 h6 6. c3 d6 7. Re1 O-O 8. Nbd2 a6 9. Nf1 Ba7 10. Ng3 Na5 11. Bb3 Nxb3 12. axb3 Bg4 13. h3 Bxf3 14. Qxf3 Nh7 15. Rf1 Kh8 16. Kh1 Qd7 17. Nf5 h5 18. Qg3 g6 19. Ne3 c6 20. Bd2 Rae8 21. c4 Bxe3 22. Bxe3 g5 23. d4 f5 24. exf5 Qxf5 25. dxe5 dxe5 26. Ra5 Qd3 27. Re1 h4 28. Qg4 Rf6 29. Bxg5 Rxf2 30. Qxh4 Rf1+ 31. Rxf1 Qxf1+ 32. Kh2 b5 33. Rxa6 Rg8 34. Ra7 1-0

[Event "German Bundesliga 2024-25"]
[Site "Germany"]
[Date "2024.09.29"]
[Round "2.15"]
[White "Zelcic, Robert"]
[Black "Gustafsson, Jan"]
[Result "1-0"]
[ECO "B19"]
[WhiteElo "2444"]
[BlackElo "2604"]
[Annotator "RC"]
[PlyCount "107"]
[EventDate "2024.09.27"]
[EventType "team-tourn"]
[EventCountry "GER"]
[SourceTitle "playchess.com"]
[Source "ChessBase"]
[SourceQuality "1"]
[WhiteTeam "SK Kirchweyhe"]
[BlackTeam "Duesseldorfer SK"]
[TimeControl "40/5400+30:1800+30"]

1. e4 c6 2. d4 d5 3. Nc3 dxe4 4. Nxe4 Bf5 5. Ng3 Bg6 6. Nf3 Nd7 7. h4 h6 8. h5 Bh7 9. Bd3 Bxd3 10. Qxd3 e6 11. Bd2 Ngf6 12. O-O-O Be7 13. Kb1 Qb6 14. Nh4 O-O-O 15. Nf3 Rhe8 16. Qe2 c5 17. Ne5 Rf8 18. Qc4 Kb8 19. Bf4 Ka8 20. dxc5 Nxe5 21. Bxe5 Bxc5 22. f3 Rxd1+ 23. Rxd1 Nd5 24. Bd4 Bxd4 25. Qxd4 Qxd4 26. Rxd4 Ne3 27. Ne2 Nxg2 28. Rg4 Ne3 29. Rxg7 Kb8 30. Ng3 Rd8 31. b3 Rd1+ 32. Kb2 Rg1 33. Kc3 Rg2 34. f4 Kc8 35. f5 Kd8 36. f6 Ke8 37. Ne4 Rh2 38. Nd6+ Kd7 39. Nxb7 Nd5+ 40. Kb2 e5 41. Rxf7+ Ke6 42. Nd8+ Kf5 43. Rxa7 Nxf6 44. Nc6 e4 45. Re7 Kf4 46. a4 e3 47. Nb4 Rxh5 48. Nd3+ Kf3 49. Rf7 Rf5 50. a5 Ke4 51. a6 Nd5 52. a7 Rxf7 53. a8=Q e2 54. Qc6 1-0